 Dungeon Crawl Stone Soup version 0.24.0-1-gfbc8707122 (webtiles) character file.

Game seed: 10617159018604239489, levelgen mode: deterministic

1283 MTVSty1e the Basher (level 8, -9/58 HPs)
             Began as a Gargoyle Fighter on Oct 28, 2019.
             Was a Follower of Okawaru.
             Mangled by Menkaure (17 damage)
             ... on level 5 of the Dungeon.
             The game lasted 00:08:08 (6312 turns).

MTVSty1e the Basher (Gargoyle Fighter)              Turns: 6312, Time: 00:08:08

Health: -9/58      AC: 13    Str: 21    XL:     8   Next: 54%
Magic:  8/8        EV:  9    Int: 16    God:    Okawaru [*.....]
Gold:   194        SH:  9    Dex:  9    Spells: 7/7 levels left

rFire    + . .     SeeInvis .   r - +1 mace (pain)
rCold    . . .     Gourm    .   c - +0 shield
rNeg     + . .     Faith    .   b - +0 scale mail
rPois    ∞         Spirit   .   q - +0 helmet (curse)
rElec    +         Reflect  .   (no cloak)
rCorr    .         Harm     .   (no gloves)
MR       .....                  (no boots)
Stlth    ..........             n - amulet of the acrobat
HPRegen  0.19/turn              e - +6 ring of intelligence
MPRegen  0.11/turn              l - ring of protection from fire

@: about to teleport
A: repulsion field 1, negative energy resistance 1, robust 1, electricity
resistance, unbreathing, petrification resistance, rot immunity, sturdy frame 1,
AC +5
a: Heroism, Renounce Religion


You were on level 5 of the Dungeon.
You worshipped Okawaru.
Okawaru was aware of your devotion.
You were not hungry.

You visited 2 branches of the dungeon, and saw 7 of its levels.

You collected 194 gold pieces.

Inventory:

Hand Weapons
 a - a +0 flail
 r - a +1 mace of pain (weapon)
Armour
 b - a +0 scale mail (worn)
 c - a +0 shield (worn)
 q - a cursed +0 helmet (worn)
Jewellery
 e - a +6 ring of intelligence (left hand)
 l - a ring of protection from fire (right hand)
 m - an uncursed ring of stealth
 n - an amulet of the acrobat (around neck)
Wands
 o - a wand of digging (1)
Scrolls
 i - a scroll of teleportation
 k - 4 scrolls of fog
 p - a scroll of remove curse
Potions
 d - a potion of flight {unknown}
Comestibles
 f - 12 rations


   Skills:
 + Level 7.1 Fighting
 * Level 8.5 Maces & Flails
 - Level 3.2 Armour
 - Level 3.2 Shields


You had 7 spell levels left.
You didn't know any spells.
Your spell library contained the following spells:

 Spells                   Type           Power        Failure   Level  Hunger
 Summon Small Mammal      Summ           #...         91%         1    ##.....
 Call Imp                 Summ           #.......     97%         2    ###....
 Call Canine Familiar     Summ           #.......     100%        3    ####...
 Summon Guardian Golem    Hex/Summ       #.......     100%        3    ####...
 Summon Ice Beast         Ice/Summ       #.......     100%        4    #####..
 Summon Lightning Spire   Summ/Air       #.......     100%        4    #####..


Dungeon Overview and Level Annotations

Branches:
Dungeon (6/15)             Temple (1/1) D:4

Altars:
Ashenzari
Cheibriados
Dithmenos
Elyvilon
Gozag
Hepliaklqana
Kikubaaqudgha
Makhleb
Nemelex Xobeh
Okawaru
Qazlal
Ru
Sif Muna
Uskayaw
Vehumet
Yredelemnul
Zin

Annotations:
D:5 Menkaure


Innate Abilities, Weirdness & Mutations

You are resistant to torment.
Your stone body is resilient. (AC +5)
You are immune to poison.
You resist negative energy. (rN+)
You are resistant to electric shocks. (rElec)
You can survive without breathing.
You are immune to petrification.
You are immune to rotting.
You are surrounded by a mild repulsion field. (EV +2)
You are robust. (+10% HP)
Your movements are slightly less encumbered by armour. (ER -2)


Message History

The jackal bites you but does no damage.
Menkaure points at you and mumbles some strange words.
Pain shoots through your body! The jackal barely misses you.
You hit Menkaure.
Menkaure is lightly damaged.
The jackal completely misses you. The gnoll barely misses you.
The gnoll completely misses you. You block the jackal's attack.
Menkaure completely misses you.
You closely miss Menkaure.
Menkaure is lightly damaged.
You block the jackal's attack. The jackal barely misses you.
The gnoll hits you but does no damage. Menkaure hits you!!
* * * LOW HITPOINT WARNING * * *
The gnoll hits you but does no damage.
The jackal bites you but does no damage.
The jackal bites you.
* * * LOW HITPOINT WARNING * * *
As you read the scroll of teleportation, it crumbles to dust.
You feel strangely unstable. Menkaure hits you!
You die...

#..... #...# ...... #...#
#.....# #...# ....... ...#
#......###..#######
#..................
#..........ghM.############
#.........gh@.............#
#.######..###############.#
#...# ##.## #.#..# #...#
#.#...# #.### #.#.#..# #.#
#........ #.#
###.##########.##.#
.......÷..<.....#.#


You could see Menkaure, 2 gnolls and 2 jackals.

Vanquished Creatures
  A hornet zombie (D:5)
  A sky beast (D:6)
  2 phantoms
  An ogre (D:4)
  A bullfrog (D:6)
  A scorpion (D:4)
  A howler monkey (D:4)
  A jelly (D:6)
  2 orc priests (D:6)
  5 hounds
  4 orc wizards
  2 iguanas (D:3)
  3 worker ants
  A hound zombie (D:6)
  A hound skeleton (D:4)
  A worker ant zombie (D:5)
  Robin (D:3)
  5 gnolls
  5 adders
  An ooze (D:1)
  A worm (D:6)
  2 dart slugs
  3 leopard geckos
  7 orcs
  3 giant cockroaches
  10 goblins
  7 hobgoblins
  2 jackals (D:5)
  2 kobolds
  A quokka (D:2)
  3 bats
  4 frilled lizards
  5 rats
90 creatures vanquished.

Vanquished Creatures (others)
  A leopard gecko (D:4)
  A quokka (D:3)
  A frilled lizard (D:4)
3 creatures vanquished.

Grand Total: 93 creatures vanquished

Notes
Turn   | Place    | Note
-------+----------+-------------------------------------------
     0 | D:1      | MTVSty1e the Gargoyle Fighter began the quest for the Orb.
     0 | D:1      | Reached XP level 1. HP: 14/14 MP: 1/1
   202 | D:1      | Reached XP level 2. HP: 19/19 MP: 2/2
   782 | D:2      | Reached skill level 3 in Maces & Flails
   782 | D:2      | Reached XP level 3. HP: 13/24 MP: 3/3
  1302 | D:2      | Found a basalt altar of Yredelemnul.
  1307 | D:2      | Found a radiant altar of Vehumet.
  1308 | D:2      | Found a sacrificial altar of Ru.
  1390 | D:2      | Reached XP level 4. HP: 29/29 MP: 4/4
  1462 | D:3      | Noticed Robin
  1625 | D:3      | Killed Robin
  1713 | D:3      | Found a white marble altar of Elyvilon.
  1765 | D:3      | You fall into a shaft and drop 3 floors!
  1805 | D:6      | Noticed a bullfrog
  1815 | D:6      | Killed a bullfrog
  1815 | D:6      | Reached skill level 4 in Maces & Flails
  1815 | D:6      | Reached XP level 5. HP: 31/34 MP: 5/5
  1979 | D:6      | Reached skill level 5 in Maces & Flails
  1979 | D:6      | Reached XP level 6. HP: 40/40 MP: 6/6
  1982 | D:6      | Reached skill level 5 in Fighting
  2195 | D:6      | Noticed a sky beast
  2212 | D:6      | Killed a sky beast
  2212 | D:6      | Reached skill level 6 in Maces & Flails
  2212 | D:6      | Reached XP level 7. HP: 41/44 MP: 7/7
  2232 | D:5      | Entered Level 5 of the Dungeon
  2246 | D:4      | Noticed a steam dragon
  3196 | D:3      | Found a shadowy altar of Dithmenos.
  3236 | D:3      | Found a snail-covered altar of Cheibriados.
  4081 | D:4      | HP: 1/45 [steam dragon (6)]
  4543 | D:4      | Reached skill level 7 in Maces & Flails
  4883 | D:4      | Reached XP level 8. HP: 38/52 MP: 8/8
  5193 | D:4      | Found a staircase to the Ecumenical Temple.
  5245 | Temple   | Entered the Ecumenical Temple
  5267 | Temple   | Became a worshipper of Warmaster Okawaru
  5477 | D:4      | Gained mutation: Your movements are slightly less
                  | encumbered by armour. (ER -2) [potion of mutation]
  5477 | D:4      | Gained mutation: You are robust. (+10% HP) [potion of
                  | mutation]
  5477 | D:4      | Gained mutation: You are surrounded by a mild repulsion
                  | field. (EV +2) [potion of mutation]
  5866 | D:4      | Found a shimmering blue altar of Sif Muna.
  5987 | D:5      | Reached skill level 8 in Maces & Flails
  6288 | D:5      | Noticed Menkaure
  6303 | D:5      | Reached * piety under Okawaru
  6312 | D:5      | Mangled by Menkaure

Levels and vault maps discovered:
D:1:      arrival_zaba_pyramid, layout_loops_ring, chequers_decorated_corner
D:2:      layout_rooms, minitemple, first_ration
D:3:      layout_basic, kennysheep_slug_shrine, lemuel_doored_altar,
          bh_chokoban, minmay_misc_feat_encased, kennysheep_nondescript,
          moated_statue, elyvilon_altar_4, uniq_robin
D:4:      layout_basic, minmay_temple_entry_mist, lemuel_blue_sif_altar
D:5:      layout_basic, uniq_menkaure
D:6:      layout_basic, kennysheep_little_box
Temple:   minmay_temple_bridge_abc

Skill      XL: |  1  2  3  4  5  6  7  8 |
---------------+-------------------------+-----
Maces & Flails | 3 4 5 6 7 8 |  8.5
Fighting       | 4 5 6 7 |  7.1
Armour         | |  3.2
Shields        | |  3.2

Action                   |  1- 3 |  4- 6 |  7- 9 || total
-------------------------+-------+-------+-------++-------
Melee: Flail             |   107 |    48 |       ||   155
       Mace              |       |    74 |   297 ||   371
  Use: Scroll            |     4 |     1 |     9 ||    14
       Potion            |       |     1 |     4 ||     5
  Eat: Ration            |     1 |     1 |     3 ||     5
       Chunk             |       |       |     2 ||     2
Armor: Scale mail        |    66 |    96 |   140 ||   302
Dodge: Dodged            |    35 |    39 |   114 ||   188
Block: Shield            |    73 |    77 |   139 ||   289
